 Dungeon Crawl Stone Soup version 0.24.0-13-gcf9b3192b9 (webtiles) character file.

Game seed: 13607346000528937436, levelgen mode: deterministic

485 Arum the Covered (level 7, -1/44 HPs)
             Began as a Gargoyle Fighter on Nov 10, 2019.
             Was a Follower of Qazlal.
             Slain by a worker ant (3 damage)
             ... on level 2 of the Dungeon.
             The game lasted 00:03:15 (1869 turns).

Arum the Covered (Gargoyle Fighter)                 Turns: 1869, Time: 00:03:15

Health: -1/44      AC: 12    Str: 25    XL:     7   Next: 13%
Magic:  7/7        EV:  8    Int:  9    God:    Qazlal [*.....]
Gold:   160        SH: 12    Dex: 10    Spells: 6/6 levels left

rFire    . . .     SeeInvis .   a - +0 flail
rCold    + . .     Gourm    .   c - +0 shield
rNeg     + . .     Faith    +   b - +0 scale mail
rPois    ∞         Spirit   .   (no helmet)
rElec    +         Reflect  .   (no cloak)
rCorr    .         Harm     .   (no gloves)
MR       .....                  (no boots)
Stlth    ..........             r - amulet of faith
HPRegen  0.14/turn              j - ring of protection from cold
MPRegen  0.10/turn              (no ring)

@: mighty
A: negative energy resistance 1, electricity resistance, unbreathing,
petrification resistance, rot immunity, AC +4
a: Renounce Religion


You were on level 2 of the Dungeon.
You worshipped Qazlal.
Qazlal was aware of your devotion.
You were not hungry.

You visited 1 branch of the dungeon, and saw 3 of its levels.

You collected 160 gold pieces.

Inventory:

Hand Weapons
 a - a +0 flail (weapon)
Armour
 b - a +0 scale mail (worn)
 c - a +0 shield (worn)
Jewellery
 j - a ring of protection from cold (left hand)
 r - an amulet of faith (around neck)
 u - an uncursed ring of protection from fire {unknown}
Wands
 e - a wand of polymorph (3)
Scrolls
 g - 3 scrolls of amnesia {unknown}
 h - 3 scrolls of identify {unknown}
 i - 2 scrolls of blinking {unknown}
 k - a scroll of enchant armour {unknown}
 l - a scroll of fog {unknown}
 n - 2 scrolls of teleportation {unknown}
 p - 2 scrolls of remove curse {unknown}
 q - a scroll of enchant weapon {unknown}
 t - a scroll of random uselessness {unknown}
Potions
 o - a potion of flight
Comestibles
 f - 6 rations


   Skills:
 + Level 5.1 Fighting
 + Level 4.0 Maces & Flails
 + Level 5.1 Armour
 + Level 5.1 Shields


You had 6 spell levels left.
You didn't know any spells.
Your spell library was empty.

Dungeon Overview and Level Annotations

Branches:
Dungeon (3/15)

Altars:
Dithmenos
Qazlal
Sif Muna
Uskayaw
Xom


Innate Abilities, Weirdness & Mutations

You are resistant to torment.
Your stone body is resilient. (AC +4)
You are immune to poison.
You resist negative energy. (rN+)
You are resistant to electric shocks. (rElec)
You can survive without breathing.
You are immune to petrification.
You are immune to rotting.


Message History

You block the killer bee's attack.
Unknown command.
Evoke which item? (* to show all) (? for menu, Esc to quit)
Aiming: Polymorph
Press: ? - help, Shift-Dir - straight line, f - killer bee
Aim: a killer bee (chance to defeat MR: 54%)
The killer bee evaporates and reforms as a worker ant!
You block the worker ant's attack.
Your shield and scale mail prevent you from hitting the worker ant.
You block the worker ant's attack.
You closely miss the worker ant. The worker ant closely misses you.
The worker ant barely misses you.
You barely miss the worker ant. You block the worker ant's attack.
Your shield and scale mail prevent you from hitting the worker ant.
The worker ant bites you but does no damage. x2
You closely miss the worker ant. The worker ant barely misses you.
You sock the worker ant!
The worker ant is heavily wounded.
The worker ant bites you.
You die...

.#####.#.## #.##.# .# ##.##
#.##.# .# #.# #.##.##### .#
#.# #.....)..# .# #.####
#..#.###.# .# #....#
#..#.###.# .# ####†#
#..#..##.# ## #.#
###########..##.##.# # #.#
#.a@).......>##.##.# # #.#
#.##########.).....# # #.# #.#
####.#### # #.# #.# #.# #
##.###.# #.# #
###...##.#############.#
#######[..#................#.#
........#...##.##.########.#.#
##########.###.##.# #.#.#


You could see a worker ant.

Vanquished Creatures
  Grinder (D:3)
  A killer bee (D:3)
  An orc priest (D:2)
  An orc wizard (D:3)
  Jessica (D:2)
  4 gnolls (D:3)
  7 adders
  2 oozes
  2 worms (D:2)
  3 leopard geckos
  6 giant cockroaches
  7 goblins
  7 hobgoblins
  2 jackals (D:1)
  A quokka (D:3)
  4 bats
  A frilled lizard (D:2)
  8 kobolds
  5 rats
64 creatures vanquished.

Notes
Turn   | Place    | Note
-------+----------+-------------------------------------------
     0 | D:1      | Arum the Gargoyle Fighter began the quest for the Orb.
     0 | D:1      | Reached XP level 1. HP: 14/14 MP: 1/1
   216 | D:1      | Reached XP level 2. HP: 19/19 MP: 2/2
   757 | D:2      | Reached XP level 3. HP: 21/24 MP: 3/3
   818 | D:2      | Noticed Jessica
   821 | D:2      | Killed Jessica
   821 | D:2      | Reached XP level 4. HP: 29/29 MP: 4/4
  1110 | D:2      | Found a stormy altar of Qazlal.
  1355 | D:2      | Became a worshipper of Qazlal Stormbringer
  1420 | D:3      | Found a shadowy altar of Dithmenos.
  1420 | D:3      | Found a shimmering blue altar of Sif Muna.
  1420 | D:3      | Found a shimmering altar of Xom.
  1422 | D:3      | Found a hide-covered altar of Uskayaw.
  1477 | D:3      | Reached XP level 5. HP: 32/33 MP: 5/5
  1783 | D:3      | Reached * piety under Qazlal
  1805 | D:3      | Noticed Grinder
  1822 | D:3      | Killed Grinder
  1822 | D:3      | Reached XP level 6. HP: 29/40 MP: 6/6
  1842 | D:3      | Reached skill level 5 in Fighting
  1842 | D:3      | Reached skill level 5 in Armour
  1842 | D:3      | Reached skill level 5 in Shields
  1844 | D:3      | Reached XP level 7. HP: 16/44 MP: 7/7
  1862 | D:2      | HP: 1/44 [killer bee (4)]
  1869 | D:2      | Slain by a worker ant

Levels and vault maps discovered:
D:1:      dpeg_arrival_snail, layout_basic
D:2:      layout_loops_ring, nicolae_qazlal_general_emergency, uniq_jessica
D:3:      layout_loops_ring, chequers_temple_overflow_statue_of_worship,
          minmay_cupped, uniq_grinder

Skill      XL: |  1  2  3  4  5  6 |
---------------+-------------------+-----
Armour         | 4 5 |  5.1
Fighting       | 4 5 |  5.1
Shields        | 4 5 |  5.1
Maces & Flails | 3 4 |  4.0

Action                   |  1- 3 |  4- 6 |  7- 9 || total
-------------------------+-------+-------+-------++-------
Melee: Flail             |    79 |   225 |    10 ||   314
Evoke: Wand              |       |       |     1 ||     1
  Use: Potion            |       |     4 |     2 ||     6
  Eat: Chunk             |       |     4 |       ||     4
Armor: Scale mail        |    47 |   127 |     5 ||   179
Dodge: Dodged            |    28 |    79 |    15 ||   122
Block: Shield            |    40 |   149 |    13 ||   202
